 Dungeon Crawl Stone Soup version 0.32-a0-975-g85d4e5bfdb (webtiles) character file.

Game seed: 8942590700106560656

148 funkygono the Firebug (level 5, 0/28 HPs)
             Began as a Gargoyle Fire Elementalist on Apr 18, 2024.
             Slain by a gnoll
             ... wielding a +0 club
              (7 damage)
             ... on level 3 of the Dungeon.
             The game lasted 00:04:04 (2409 turns).

funkygono the Firebug (Gargoyle Fire Elementalist)  Turns: 2409, Time: 00:04:04

Health: 0/28       AC:  7    Str: 12    XL:     5   Next: 30%
Magic:  5/9        EV: 11    Int: 17    God:
Gold:   83         SH:  0    Dex: 10    Spells: 6/9 levels left

rFire   . . .        f - +0 whip
rCold   . . .        (no shield)
rNeg    + . .        a - +0 robe
rPois   ∞            (no helmet)
rElec   +            k - +0 cloak
rCorr   .            (no gloves)
SInv    +            (no boots)
Will    .....        (no amulet)
Stlth   ++           h - ring of see invisible
HPRegen 0.24/turn    (no ring)
MPRegen 0.11/turn

%: no passive effects
@: no status effects
A: sickness immunity, AC +4, negative energy resistance 1, electricity
resistance, torment resistance 1, petrification resistance
a: no special abilities


You were on level 3 of the Dungeon.
You visited 1 branch of the dungeon, and saw 3 of its levels.

You collected 83 gold pieces.

Inventory:

Hand Weapons
 f - a +0 whip (weapon)
 j - a +3 quarterstaff of chaos
Armour
 a - a +0 robe (worn)
 k - a +0 cloak (worn)
Jewellery
 h - a ring of see invisible (left hand)
Wands
 i - a wand of flame (26)
Scrolls
 c - a scroll of noise
Potions
 b - a potion of magic
 d - a potion of heal wounds
 g - 2 potions of lignification


   Skills:
 + Level 1.0 Maces & Flails
 + Level 1.8 Dodging
 - Level 2.6 Stealth
 + Level 2.9 Spellcasting
 + Level 2.1 Conjurations
 + Level 4.3 Fire Magic


You had 6 spell levels left.
You knew the following spells:

 Your Spells              Type           Power      Damage    Failure   Level
a - Foxfire               Conj/Fire      52%        2x1d6     4%          1
b - Scorch                Fire           34%        2d6       4%          2

Your spell library contained the following spells:

 Spells                   Type           Power      Damage    Failure   Level
 Sandblast                Erth           4%         2d4       19%         1
 Inner Flame              Hex/Fire       9%         N/A       22%         3
 Volatile Blastmotes      Fire/Tloc      18%        2d11      22%         3
 Stone Arrow              Conj/Erth      12%        3d7       34%         3
 Flame Wave               Conj/Fire      13%        2d6       43%         4
 Passwall                 Erth           2%         N/A       47%         3
 Summon Forest            Summ/Tloc      1%         N/A       99%         5
 Summon Mana Viper        Hex/Summ       2%         N/A       99%         5
 Summon Cactus Giant      Summ           1%         N/A       100%        6


Dungeon Overview and Level Annotations

Branches:
Dungeon (3/15)

Altars:
Cheibriados


Innate Abilities, Weirdness & Mutations

You are immune to sickness and miasma.
Your stone body is resilient. (AC +4)
You are immune to poison.
You resist negative energy. (rN+)
You are resistant to electric shocks. (rElec)
You are resistant to unholy torment.
You are immune to petrification.


Message History

You hear a splash.
The foxfire hits the gnoll bouda.
The gnoll bouda is lightly wounded.
The foxfire hits the orc but does no damage.
Casting: Foxfire (safe; 4% risk of failure)
Confirm with . or Enter, or press ? or * to list all spells.
Flames lash the gnoll bouda.
The gnoll bouda is moderately wounded.
The gnoll bouda's fire resistance burns away.
Unknown command.
The gnoll bouda is engulfed in a cloud of scalding steam.
The ogre attacks as it pursues you! The ogre hits you with a +0 giant club!
Casting: Scorch (safe; 4% risk of failure)
Confirm with . or Enter, or press ? or * to list all spells.
You miscast Scorch.
You are very lightly contaminated with residual magic.
Nothing appears to happen.
The ogre closely misses you.
Unknown command.
The gnoll bouda is no longer more vulnerable to fire.
The gnoll bouda barks out a call to the hunt!
The gnoll bouda utters an invocation to its god.
The gnoll bouda is healed somewhat.
You see here a +0 mace.
Your attacks no longer feel as feeble.
Your magical contamination has completely faded away.
The gnoll attacks as it pursues you! The gnoll hits you but does no damage.
The gnoll hits you with a +0 club. The gnoll attacks as it pursues you!
The gnoll closely misses you. The gnoll attacks as it pursues you!
The gnoll hits you with a +0 club.
The gnoll is no longer moving quickly.
The gnoll attacks as it pursues you! The gnoll hits you but does no damage.
The gnoll attacks as it pursues you! The gnoll barely misses you.
Things that are here:
a +0 club; an orc skeleton The gnoll attacks as it pursues you!
The gnoll hits you with a +0 club.
* * * LOW HITPOINT WARNING * * *
The gnoll attacks as it pursues you! The gnoll hits you with a +0 club.
* * * LOW HITPOINT WARNING * * *
The gnoll attacks as it pursues you! The gnoll hits you with a +0 club!
You die...

############ #..
...........#####.#
#######.......##[# #
#.#####.##.# ###.# #######.#
#.##.# #.... ##......#
##.##.# #.#.# ##.####.#
##.....# #.#.# ##.#
#.###.#.#.####.#.# ##.#
#.....O..g@....#.#
##.#######...##.####.#.###.#
...).o....o#...## #........#
##.#########.### #.÷#.#####
#.# #.### #<.#.# #O# #...#
##.#..# #o# ###.# #.....#
#.##### #.# #....... #...O.#
####.# #..######


You could see an ogre and a gnoll.

Vanquished Creatures
  Crazy Yiuf (D:2)
  2 gnolls (D:3)
  3 adders (D:2)
  2 ribbon worms (D:2)
  2 dart slugs (D:2)
  4 orcs (D:3)
  4 endoplasms (D:1)
  2 giant cockroaches
  4 goblins
  2 hobgoblins
  8 jackals (D:3)
  5 kobolds
  3 quokkas (D:2)
  4 ball pythons
  4 bats
  2 frilled lizards (D:2)
  3 rats
55 creatures vanquished.

Vanquished Creatures (others)
  128 foxfires
128 creatures vanquished.

Grand Total: 183 creatures vanquished

Notes
Turn   | Place    | Note
-------+----------+-------------------------------------------
     0 | D:1      | funkygono the Gargoyle Fire Elementalist began the quest
                  | for the Orb.
     0 | D:1      | Reached XP level 1. HP: 10/10 MP: 3/3
   162 | D:1      | You fall into a shaft and drop 1 floor!
   167 | D:2      | Found a snail-covered altar of Cheibriados.
   242 | D:2      | Reached XP level 2. HP: 15/15 MP: 0/5
   245 | D:2      | Learned a level 2 spell: Scorch
   564 | D:1      | Reached XP level 3. HP: 19/19 MP: 3/6
  1183 | D:2      | Reached XP level 4. HP: 24/24 MP: 0/7
  1463 | D:2      | Reached skill level 4 in Fire Magic
  1589 | D:2      | Identified the +8 dagger of Nennej {venom, ^Drain rF+++
                  | Int+4}
  1879 | D:2      | Found a runed translucent door.
  1880 | D:2      | Noticed Crazy Yiuf
  1886 | D:2      | Killed Crazy Yiuf
  2139 | D:3      | Reached XP level 5. HP: 28/28 MP: 6/9
  2262 | D:3      | Reached skill level 1 in Maces & Flails
  2356 | D:3      | Noticed an ogre
  2409 | D:3      | Slain by a gnoll

Illustrated notes

Levels and vault maps discovered:
D:1:      dpeg_arrival_round_a, layout_rooms, st_stairs_1, grunt_decor_junction
D:2:      layout_loops_ring, basic_altar, grunt_decor_one_mirror, st_stairs_5,
          uniq_crazy_yiuf_cottage
D:3:      lemuel_castle_with_subvaults [lemuel_castle_interior_original],
          layout_loops_ring

Skill      XL: |  1  2  3  4  5 |
---------------+----------------+-----
Fire Magic     | 4 |  4.3
Conjurations   | 2 |  2.1
Maces & Flails | 1 |  1.0
Dodging        | |  1.8
Stealth        | |  2.6
Spellcasting   | |  2.9

Action                     |  1- 3 |  4- 6 || total
---------------------------+-------+-------++-------
  Melee: Whip              |    20 |    29 ||    49
   Cast: Foxfire           |    47 |    30 ||    77
         Scorch            |     3 |    10 ||    13
    Use: Scroll            |       |     3 ||     3
   Stab: Sleeping          |       |     1 ||     1
 Armour: Robe              |    16 |    36 ||    52
  Dodge: Dodged            |    14 |    20 ||    34

Table legend: (Time is in decaauts)
 A = Elapsed time spent in this place.
 B = Non-inter-level travel time spent in this place.
 C = Inter-level travel time spent in this place.
 D = Time resting spent in this place.
 E = Time spent auto-exploring this place.
 F = Levels seen in this place.
 G = Mean time per level.
                   A        B        C        D        E       F      G
               +--------+--------+--------+--------+--------+-----+--------+
         Total |   2412 |   2354 |     58 |     27 |   1881 |   3 |  804.0 |
       Dungeon |   2412 |   2354 |     58 |     27 |   1881 |   3 |  804.0 |
               +--------+--------+--------+--------+--------+-----+--------+

Top non-repeatable levels by time:
     D:2: 1228 daAuts
     D:1: 748 daAuts
     D:3: 436 daAuts
